 Dungeon Sprint DCSS version 0.21-a0-52-gbf49515 (webtiles) character file.

136 Kidiri the Ruffian (level 4, -1/50 HPs)
             Began as a Troll Monk on June 13, 2017.
             Was a Believer of Wu Jian.
             Slain by a mace of protection (19 damage)
             ... in the Dungeon (Sprint V: "Ziggurat Sprint").
             The game lasted 00:01:58 (104 turns).

Kidiri the Ruffian (Troll Monk)                      Turns: 104, Time: 00:01:58

Health: -1/50      AC:  5    Str: 25    XL:     4   Next: 98%
Magic:  3/3        EV: 19    Int:  6    God:    Wu Jian [**....]
Gold:   0          SH:  0    Dex: 24    Spells: 3/3 levels left

rFire    . . .     SeeInvis .     - Unarmed
rCold    . . .     Gourm    +   (no shield)
rNeg     . . .     Faith    .   a - +0 robe
rPois    .         Spirit   .   (helmet restricted)
rElec    .         Reflect  .   (no cloak)
rCorr    .         Harm     .   (gloves unavailable)
MR       .....     NoTele   +   (boots unavailable)
Stlth    +++.......             (no amulet)
Regen    0.6/turn               x - +6 ring of dexterity
MPRegen  0.1/turn               B - +6 ring of strength

@: agile
A: unfitting armour, claws 3, fast metabolism 3, gourmand, regeneration 1,
shaggy fur 1, tough skin 2
a: Renounce Religion


You were in the Dungeon.
You worshipped Wu Jian.
Wu Jian was pleased with you.
You were not hungry.

You visited 1 branch

Inventory:

Armour
 a - a +0 robe (worn)
 H - +5 gold dragon scales
 I - the +18 shield of the Gong {rElec rN+ MR+ EV-5}
   (You found it in the Dungeon)

   It affects your evasion (-5).
   It insulates you from electricity.
   It protects you from negative energy.
   It affects your resistance to hostile enchantments.
Jewellery
 x - a +6 ring of dexterity (left claw)
 y - a +6 ring of dexterity
 B - a +6 ring of strength (right claw)
 C - a +6 ring of strength
Wands
 D - a wand of disintegration (6/24)
 E - a wand of iceblast (4/15)
 F - a wand of lightning (4/15)
 G - a wand of acid (5/15)
Scrolls
 h - 4 scrolls of blinking
 o - 4 scrolls of amnesia
 p - 3 scrolls of recharging
 q - 7 scrolls of fog
 r - a scroll of holy word
 s - 5 scrolls of identify
 t - 5 scrolls of remove curse
 u - 2 scrolls of fear
Potions
 c - 10 potions of curing
 d - 10 potions of heal wounds
 e - 6 potions of haste
 f - 7 potions of magic
 g - 3 potions of berserk rage
 i - 2 potions of brilliance
 j - 2 potions of invisibility
 k - 4 potions of resistance
 m - 4 potions of agility
 n - 5 potions of might
Comestibles
 b - 6 bread rations
 v - 42 fruits
 w - 4 meat rations


   Skills:
 * Level 5.2 Fighting
 + Level 2.9 Armour
 * Level 5.2 Dodging
 - Level 1.0 Stealth
 + Level 2.9 Shields
 * Level 6.3 Unarmed Combat


You had 3 spell levels left.
You didn't know any spells.

Dungeon Overview and Level Annotations

Branches:
Dungeon (1/1)

Altars:
Ashenzari
Cheibriados
Dithmenos
Elyvilon
Fedhas
Gozag
Hepliaklqana
Kikubaaqudgha
Makhleb
Nemelex Xobeh
Okawaru
Qazlal
Ru
Sif Muna
Trog
Uskayaw
Vehumet
Wu Jian
Xom
Yredelemnul
Zin
The Shining One
Beogh
Jiyva
Lugonu

Annotations:
D 1 transporter


Innate Abilities, Weirdness & Mutations

You are too large for most types of armour.
You have claws for hands.
Your metabolism is lightning-fast.
You like to eat raw meat.
Your natural rate of healing is unusually fast.
You are covered in fur. (AC +1)
You have very tough skin. (AC +2)


Message History

Unknown command.
Evoke which item? (* to show all) (? for menu, Esc to quit)
Aiming: Lightning Bolt
Press: ? - help, Shift-Dir - straight line, f - deep elf high priest, p - deep elf knight
Aim: a deep elf high priest, wielding a scimitar (moderately wounded, aura of brilliance)
You hear a mighty clap of thunder!
The bolt of lightning hits the mace of protection.
The mace of protection completely resists.
The mace of protection is lightly damaged.
The bolt of lightning hits the deep elf high priest.
The deep elf high priest is heavily wounded.
This wand has 4 charges left.
The mace of protection hits you!
You spin and attack the mace of protection repeatedly.
You miss the mace of protection.
The mace of protection is lightly damaged.
You scratch the mace of protection.
The mace of protection is moderately damaged.
The deep elf knight hits you with a short sword!
The mace of protection hits you!!
You die...

▓▓▓▓▓▓▓▓▓▓▓▓▓
▓.8©8.▓.8©8.▓
▓.|)?.▓.....▓
▓.....▓.:.).▓
▓...e.▓.....▓
▓..e..▓.....▓
▓..(@.▓.....▓
▓.....▓▓▓▓▓▓▓
▓▓▓▓▓▓▓


You could see a deep elf knight, a deep elf high priest and a mace of
protection.

Vanquished Creatures
  A necrophage (D)
  A wight (D)
2 creatures vanquished.

Notes
Turn   | Place    | Note
-------+----------+-------------------------------------------
     0 | D        | Kidiri the Troll Monk began the quest for the Orb.
     0 | D        | Reached XP level 1. HP: 22/22 MP: 0/0
     0 | D        | Found a deep blue altar of Sif Muna.
     0 | D        | Found a bloodstained altar of Trog.
     0 | D        | Found a sacrificial altar of Ru.
     0 | D        | Found a stormy altar of Qazlal.
     0 | D        | Found an iron altar of Okawaru.
     1 | D        | Found a sparkling altar of Nemelex Xobeh.
     1 | D        | Found a blossoming altar of Fedhas.
     3 | D        | Found a transporter.
     3 | D        | Found an ancient bone altar of Kikubaaqudgha.
     3 | D        | Found a viscous altar of Jiyva.
     3 | D        | Found a corrupted altar of Lugonu.
     3 | D        | Found a hazy altar of Hepliaklqana.
     3 | D        | Found a burning altar of Makhleb.
     3 | D        | Found an opulent altar of Gozag.
    59 | D        | Became a worshipper of the Wu Jian Council
    59 | D        | Reached * piety under Wu Jian
    59 | D        | Reached ** piety under Wu Jian
    85 | D        | Reached skill level 1 in Armour
    85 | D        | Reached skill level 1 in Shields
    85 | D        | Reached skill level 4 in Unarmed Combat
    85 | D        | Reached XP level 2. HP: 32/32 MP: 1/1
    86 | D        | Entered arena 2.
    86 | D        | Noticed a necrophage
    86 | D        | Noticed a wight
    86 | D        | Found a transporter.
    91 | D        | Killed a necrophage
    91 | D        | Reached skill level 5 in Unarmed Combat
    91 | D        | Reached XP level 3. HP: 41/41 MP: 2/2
    91 | D        | Reached XP level 4. HP: 49/49 MP: 3/3
    93 | D        | Reached skill level 5 in Fighting
    93 | D        | Reached skill level 5 in Dodging
    93 | D        | Reached skill level 6 in Unarmed Combat
   100 | D        | Entered arena 3.
   100 | D        | Noticed a deep elf knight
   100 | D        | Noticed a mace of protection
   100 | D        | Noticed a deep elf high priest
   100 | D        | Found a transporter.
   104 | D        | Slain by a mace of protection

Vault maps used:
D:        sprint_v

Skill      XL: |  1  2  3  4 |
---------------+-------------+-----
Fighting       | 3 4 5 |  5.2
Armour         | 1 2 |  2.9
Dodging        | 3 4 5 |  5.2
Shields        | 1 2 |  2.9
Unarmed Combat | 4 5 6 |  6.3
Stealth        | |  1.0

Action                   |  1- 3 |  4- 6 || total
-------------------------+-------+-------++-------
Melee: Unarmed           |     4 |     5 ||     9
       Punch             |     1 |       ||     1
Evoke: Wand              |       |     3 ||     3
  Use: Potion            |     2 |       ||     2
Dodge: Dodged            |     4 |     1 ||     5
